cohdb
Replays
Latest Replays
All Replays
Popular Replays
Top Player Replays
Match Explorer
How It Works
Community
CoH3 Stats
Reddit
Sign in to upload your games and track your stats! →
Sign in with Steam
Clowndemic having a bit of a temper tantrum
Match 26903070
Overview
Messages
Build Orders
End
Pioneer Squad
Kettenkrad Recon Vehicle
Selects Breakthrough Battlegroup
Selects Assault Grenadiers
Construct Infanterie Kompanie
MG 42 Machine Gun Team
MG 42 Machine Gun Team
Grenadier Squad
Construct Luftwaffe Kompanie
Flak 30 Anti-aircraft Gun Team
Medical Station
Flak 30 Anti-aircraft Gun Team
Flak 30 Anti-aircraft Gun Team
Support Elements
Selects Rapid Production
Wirbelwind Flakpanzer
Marder III M Tank Destroyer
Selects Blitzkrieg
Wirbelwind Flakpanzer
Selects Smoke Bombing Run
Selects Incendiary Bombing Run
Jäger Squad
Wirbelwind Flakpanzer
Incendiary Bombing Run
Marder III M Tank Destroyer
Kettenkrad Recon Vehicle
Kettenkrad Recon Vehicle
Kettenkrad Recon Vehicle
Pioneer Squad
Pandemic
PAX AJAX
0
0
Comments
sign in to comment!
No comments posted yet!